 Dungeon Crawl Stone Soup version 0.19.1 (webtiles) character file.

112 LORDOFBUTT the Shield-Bearer (level 5, -6/41 HPs)
             Began as a Formicid Fighter on Dec 25, 2016.
             Mangled by an ogre
             ... wielding a +0 giant club
              (10 damage)
             ... on level 3 of the Dungeon on Dec 27, 2016.
             The game lasted 00:03:49 (2220 turns).

LORDOFBUTT the Shield-Bearer (Formicid Fighter)     Turns: 2220, Time: 00:03:49

Health: -6/41      AC:  8    Str: 25    XL:     5   Next: 16%
Magic:  5/5        EV:  8    Int:  8    God:
Gold:   149        SH: 10    Dex: 11    Spells: 0 memorised, 4 levels left

rFire  . . .     SeeInvis +     a - +0 war axe
rCold  . . .     Gourm    .     b - +0 scale mail
rNeg   . . .     Faith    .     c - +0 shield
rPois  .         Spirit   .     (helmet unavailable)
rElec  .         Reflect  .     (no cloak)
rCorr  .         Harm     .     (no gloves)
MR     .....                    n - +0 pair of boots
Stlth  ..........               (no amulet)
                                (no ring)
                                (no ring)

@: mighty, lethally poisoned (-6 -> -8)
A: permanent stasis, dig shafts and tunnels, four strong arms, antennae 3
a: Dig, Shaft Self


You were on level 3 of the Dungeon.
You were not hungry.

You visited 1 branch of the dungeon, and saw 4 of its levels.

You collected 149 gold pieces.

Inventory:

Hand Weapons
 a - a +0 war axe (weapon)
Armour
 b - a +0 scale mail (worn)
 c - a +0 shield (worn)
 n - a +0 pair of boots (worn)
Jewellery
 p - a cursed amulet of inaccuracy {unknown}
 q - an uncursed ring of flight {unknown}
 u - a cursed ring of loudness {unknown}
Wands
 t - a wand of teleportation (5/9)
Scrolls
 e - 2 scrolls of remove curse {unknown}
 g - a scroll of immolation {unknown}
 h - a scroll of identify {unknown}
 i - 3 scrolls of teleportation {unknown}
 j - a scroll of enchant armour {unknown}
 k - a scroll of recharging {unknown}
 r - a scroll of fear {unknown}
 s - a scroll of magic mapping {unknown}
Potions
 d - 2 potions of might
 l - 2 potions of curing {unknown}
 o - a potion of degeneration {unknown}
Comestibles
 f - 5 bread rations
 m - 3 meat rations


   Skills:
 - Level 3.2 Fighting
 + Level 3.0 Axes
 + Level 4.6 Armour
 + Level 4.7 Shields


You had 4 spell levels left.
You didn't know any spells.

Dungeon Overview and Level Annotations

Branches:
Dungeon (4/15)
 Temple: D:4-7

Altars:
Okawaru


Innate Abilities, Weirdness & Mutations

You are under a permanent stasis effect.
You can dig through walls and to a lower floor.
Your four strong arms can wield two-handed weapons with a shield.
You have a pair of large antennae on your head. (SInv)


Message History

The howler monkey hoots and howls with incredible vigour!
You feel sick.
You feel sick.
There is an open door here.
You feel sick.
You feel sick.
You feel sick.
There is an open door here.
The howler monkey hoots and howls with incredible vigour!
You feel sick.
There is a stone staircase leading up here.
The ogre barely misses you.
You climb upwards.
You feel sick.
There is a stone staircase leading down here.
You feel very mighty all of a sudden. You block the ogre's attack.
You slash the ogre!
The ogre is severely wounded.
The ogre hits you with a giant club!
You die...

##### ##...## ########
#####.....#
......(########.........#
######...............)..# #
#####.####.#.##รท..## ###
##.## #..#..(.##
..#######...###.#.##(.#
..........#.....@O.#(.#
#.#######...#.......).#
.#########.#.......#..#
................#.##..#
##########.#....#.##..# #
#.##.#.#.##..###########
#.>........(....)......#
########.#.#####.##..#####.#
#..<.(.....# #.##..# #.#


You could see an ogre.

Vanquished Creatures
  4 adders
  A worm (D:3)
  3 dart slugs
  2 leopard geckos
  5 orcs
  2 ball pythons
  3 bats
  4 giant cockroaches
  8 goblins
  6 hobgoblins
  4 jackals (D:3)
  5 kobolds
  3 frilled lizards
  7 rats
  2 bushes (D:2)
  2 plants (D:2)
61 creatures vanquished.

Notes
Turn   | Place    | Note
-------+----------+-------------------------------------------
     0 | D:1      | LORDOFBUTT the Formicid Fighter began the quest for the Orb.
     0 | D:1      | Reached XP level 1. HP: 18/18 MP: 1/1
    45 | D:1      | Reached XP level 2. HP: 18/24 MP: 2/2
   550 | D:1      | Reached XP level 3. HP: 28/29 MP: 3/3
   666 | D:2      | Found an iron altar of Okawaru.
  1063 | D:2      | Reached XP level 4. HP: 34/35 MP: 4/4
  1597 | D:3      | Found an iron altar of Okawaru.
  1955 | D:3      | Reached XP level 5. HP: 41/41 MP: 5/5
  2191 | D:4      | Noticed an ogre
  2220 | D:3      | Mangled by an ogre

Skill      XL: |  1  2  3  4  5 |
---------------+----------------+-----
Shields        | 4 |  4.7
Armour         | 4 |  4.6
Axes           | 3 |  3.0
Fighting       | |  3.2

Action                   |  1- 3 |  4- 6 || total
-------------------------+-------+-------++-------
Melee: War axe           |   105 |   209 ||   314
  Use: Potion            |       |     1 ||     1
  Eat: Chunk             |       |     2 ||     2
       Pizza             |       |     1 ||     1
       Beef jerky        |       |     1 ||     1
Armor: Scale mail        |    40 |    38 ||    78
Dodge: Dodged            |    40 |    34 ||    74
Block: Shield            |    60 |    51 ||   111
